 Dungeon Crawl Stone Soup version 0.29-a0-330-g52719c12eb (webtiles) character file.

Game seed: 13292102812595053997

20 v38m2y69t the Skirmisher (level 2, 24/25 HPs)
             Began as a Palentonga Fighter on Apr 26, 2022.
             Was an Initiate of Ru.
             Quit the game on level 2 of the Dungeon.
             The game lasted 00:03:54 (427 turns).

v38m2y69t the Skirmisher (Palentonga Fighter)        Turns: 427, Time: 00:03:56

Health: 24/25      AC:  6    Str: 19    XL:     2   Next: 58%
Magic:  2/2        EV:  7    Int:  8    God:    Ru [......]
Gold:   49         SH:  4    Dex:  9    Spells: 1/1 levels left

rFire   . . .      SeeInvis +   f - +1 dagger (protect)
rCold   . . .      Faith    .   c - +0 buckler
rNeg    . . .      Spirit   .   b - +0 scale mail
rPois   .          Reflect  .   (no helmet)
rElec   .          Harm     .   (no cloak)
rCorr   .          Rampage  .   (no gloves)
Will    .....                   (no barding)
Stlth   ..........              (no amulet)
HPRegen 0.08/turn               (no ring)
MPRegen 0.08/turn               (no ring)

@: no status effects
A: large, rugged brown scales 3, see invisible, deformed body, roll 1, armoured
tail
a: Rolling Charge, Renounce Religion


You were on level 2 of the Dungeon.
You worshipped Ru.
Ru was noncommittal.
You visited 1 branch of the dungeon, and saw 2 of its levels.

You collected 49 gold pieces.

Inventory:

Hand Weapons
 a - a +0 war axe
 f - a +1 dagger of protection (weapon)
Armour
 b - a +0 scale mail (worn)
 c - a +0 buckler (worn)
Scrolls
 e - a scroll of vulnerability {unknown}
 g - a scroll of fog {unknown}
Potions
 d - a potion of might
 h - a potion of magic {unknown}


   Skills:
 + Level 3.2 Fighting
 + Level 2.0 Axes
 + Level 2.7 Armour
 + Level 2.7 Shields


You had one spell level left.
You didn't know any spells.
Your spell library contained the following spells:

 Spells                   Type           Power      Damage    Failure   Level
 Summon Small Mammal      Summ           0%         N/A       85%         1
 Call Canine Familiar     Summ           0%         N/A       99%         3
 Summon Guardian Golem    Hex/Summ       0%         N/A       99%         3


Dungeon Overview and Level Annotations

Branches:
Dungeon (1/15)

Altars:
Ru


Innate Abilities, Weirdness & Mutations

You are completely covered in rugged brown scales. (AC +3, +7% HP)
You have supernaturally acute eyesight. (SInv)
Armour fits poorly on your strangely shaped body.
You can roll at nearby foes to attack.
You have a long armoured tail.


Message History

g - a scroll labelled TIW ILESITUOM You see here a ring of see invisible.
Found a stone staircase leading down.
An adder comes into view.
The adder hisses angrily.
You block the adder's attack.
You hit the adder.
Your weapon exudes an aura of protection.
The adder is moderately wounded.
You block the adder's attack.
You closely miss the adder.
The adder is moderately wounded.
You block the adder's attack.
You barely miss the adder.
The adder is moderately wounded.
The adder bites you but does no damage. The adder bites you.
You barely miss the adder. You tail-slap the adder!
You kill the adder!
Found a whip.
Found a bubbling grey potion.
Found a faded altar of an unknown god.
Found 18 gold pieces.
You see here a +0 whip.
You now have 49 gold pieces (gained 18).
Found a stone staircase leading up.
h - a bubbling grey potion
There is an empty arch of ancient stone here.
Unknown command.
There is a faded altar of an unknown god here.
There is a faded altar of an unknown god here.
There is a faded altar of an unknown god here.
There's nothing you can charge at!
Okay, then.
You cannot tell which god this altar belongs to.
Convert to them anyway? [Y]es or [N]o only, please.
You cannot tell which god this altar belongs to.
Convert to them anyway?
Uppercase [Y]es or [N]o only, please.
You cannot tell which god this altar belongs to.
Convert to them anyway?
Ru accepts your prayer! Ru welcomes you!
Are you sure you want to abandon this character and quit the game? (Confirm with "yes".)

#.. .# #..
#########.##.#
#...#......<. ...
##...#.##.#.###..#
...........#...#.#
..........#⌠.8..#
.........###..8.#
.#...#..#⌠#∩#...#
#...#.#...#@#⌠#.....
#...#.#.8..###..####
# #...#.#..8.⌠# ..#
#.#...#.)#...## ###
#...>.....###.#
###...###...#...
#......##.######
#.####.##.# ##
##......##.#


There were no monsters in sight!

Vanquished Creatures
  An adder (D:2)
  A worm (D:2)
  2 goblins (D:1)
  2 kobolds (D:1)
  A quokka (D:1)
  A bat (D:1)
  2 rats
10 creatures vanquished.

Notes
Turn   | Place    | Note
-------+----------+-------------------------------------------
     0 | D:1      | v38m2y69t the Palentonga Fighter began the quest for the
                  | Orb.
     0 | D:1      | Reached XP level 1. HP: 19/19 MP: 1/1
   248 | D:1      | You fall into a shaft and drop 1 floor!
   281 | D:2      | Reached XP level 2. HP: 19/25 MP: 2/2
   404 | D:2      | Found a faded altar of an unknown god.
   426 | D:2      | Prayed at the altar of an unknown god.
   426 | D:2      | Became a worshipper of Ru the Awakened
   427 | D:2      | Quit the game

Illustrated notes

Levels and vault maps discovered:
D:1:      dpeg_arrival_stone_temple_mockup, layout_basic
D:2:      layout_loops_cross, shapermc_ecumenical_altar_venn, corner_web_ring,
          grunt_decor_cap, uniq_natasha, uniq_sigmund

Action                   || total
-------------------------++-------
Melee: Dagger            ||    45
       War axe           ||     9
       Tailslap          ||     6
Armor: Scale mail        ||    49
Dodge: Dodged            ||    23
Block: Buckler           ||     9

Table legend: (Time is in decaauts)
 A = Elapsed time spent in this place.
 B = Non-inter-level travel time spent in this place.
 C = Inter-level travel time spent in this place.
 D = Time resting spent in this place.
 E = Time spent auto-exploring this place.
 F = Levels seen in this place.
 G = Mean time per level.
                   A        B        C        D        E       F      G
               +--------+--------+--------+--------+--------+-----+--------+
         Total |    431 |    431 |      0 |      0 |    235 |   2 |  215.5 |
       Dungeon |    431 |    431 |      0 |      0 |    235 |   2 |  215.5 |
               +--------+--------+--------+--------+--------+-----+--------+

Top non-repeatable levels by time:
     D:1: 252 daAuts
     D:2: 179 daAuts
